Map: Dusk Towers

Players

fiv - Winner!

  • Race: Protoss Protoss
  • League: Silver

Grumm

  • Race: Zerg Zerg
  • League: Gold

VOD

Have the link to the VOD?

Description

Time

  • Played on: Jan. 12, 2016, 12:41 a.m.
  • Length: 9:40
Show
View Real Time Build Order
Export as new Build Order

fiv Protoss - Winner!

Build Orders: 1 Gate Expand 

Get SALT Encoding   

  12  0:01  Probe (Chrono Boost)  
  13  0:12  Probe (Chrono Boost)  
  14  0:19  Pylon  
  14  0:22  Probe (Chrono Boost)  
  15  0:38  Probe (Chrono Boost)  
  15  0:40  Gateway  
  16  0:48  Probe (Chrono Boost)  
  17  0:50  Assimilator  
  17  0:59  Probe (Chrono Boost)  
  18  1:09  Probe (Chrono Boost)  
  19  1:29  Nexus  
  19  1:33  Nexus  
  20  1:40  Probe (Chrono Boost)  
  20  1:50  Probe (Chrono Boost)  
  21  1:59  Pylon  
  21  2:01  Probe (Chrono Boost)  
  22  2:02  Assimilator  
  22  2:11  Probe (Chrono Boost)  
  23  2:22  Probe (Chrono Boost)  
  24  2:23  Assimilator  
  24  2:31  Cybernetics Core  
  24  2:32  Probe (Chrono Boost)  
  24  2:36  Gateway  
  25  2:43  Probe (Chrono Boost)  
  26  2:54  Probe (Chrono Boost)  
  27  3:03  Probe (Chrono Boost)  
  27  3:04  Probe (Chrono Boost)  
  29  3:12  Probe (Chrono Boost)  
  29  3:14  Probe (Chrono Boost), Warp Gate (Chrono Boost)  
  31  3:24  Adept, Probe (Chrono Boost)  
  31  3:25  Adept  
  31  3:26  Mothership Core (Chrono Boost)  
  38  3:34  Assimilator  
  38  3:37  Pylon  
  38  3:39  Probe (Chrono Boost)  
  39  3:45  Probe (Chrono Boost)  
  40  3:49  Probe (Chrono Boost)  
  40  3:53  Adept x2  
  46  3:55  Probe (Chrono Boost)  
  46  4:00  Probe (Chrono Boost)  
  47  4:03  Twilight Council  
  47  4:07  Pylon  
  47  4:15  Probe (Chrono Boost)  
  47  4:16  Probe (Chrono Boost)  
  49  4:26  Probe x2 (Chrono Boost)  
  51  4:36  Probe (Chrono Boost)  
  52  4:51  Stalker x2  
  54  4:56  Blink  
  54  4:58  Probe x2 (Chrono Boost)  
  54  5:09  Stargate, Probe x2 (Chrono Boost)  
  54  5:10  Gateway  
  54  5:11  Gateway  
  56  5:17  Gateway  
  56  5:19  Robotics Facility, Probe (Chrono Boost)  
  57  5:23  Gateway  
  56  5:46  Stalker  
  56  5:47  Stalker  
  50  5:54  Pylon  
  34  6:18  Probe (Chrono Boost)  
  33  6:34  Stalker x4  
  33  6:35  Stalker  
  41  6:54  Probe (Chrono Boost)  
  41  6:55  Probe (Chrono Boost)  
  41  7:00  Observer  
  44  7:05  Probe (Chrono Boost)  
  40  7:24  Stalker x2  
  40  7:25  Stalker x3  
  50  7:48  Stalker x3  
  56  7:52  Probe x2 (Chrono Boost)  
  58  8:01  Immortal  
  58  8:03  Probe x2 (Chrono Boost)  
  64  8:29  Stalker x2  
  68  8:35  Pylon  
  68  8:38  Pylon  
  68  8:40  Probe x2 (Chrono Boost)  
  70  8:42  Pylon  
  70  8:54  Probe (Chrono Boost)  
  71  9:02  Probe (Chrono Boost)  
  70  9:04  Probe (Chrono Boost)  
  71  9:12  Stalker x2  
  71  9:13  Probe (Chrono Boost)  
  71  9:15  Probe (Chrono Boost)  
  77  9:23  Probe (Chrono Boost)  
Show
View Real Time Build Order
Export as new Build Order

Grumm Zerg 

Build Orders: Hatch First, Roach Nydus 

Get SALT Encoding   

  12  0:03  Drone  
  13  0:08  Drone  
  14  0:27  Overlord  
  14  0:35  Extractor  
  13  0:42  Drone  
  14  0:46  Drone x2  
  16  0:54  Drone  
  17  1:04  Hatchery  
  16  1:12  Drone  
  17  1:21  Spawning Pool  
  17  1:23  Drone  
  17  1:31  Drone  
  17  1:32  Extractor  
  17  1:42  Drone  
  18  2:07  Drone x2, Queen  
  22  2:15  Overlord  
  22  2:16  Queen  
  24  2:41  Drone x4  
  24  2:42  Drone x2  
  30  3:05  Lair  
  30  3:13  Roach Warren  
  30  3:16  Drone x5  
  30  3:17  Drone  
  35  3:40  Overlord x2  
  35  3:46  Queen, Extractor  
  36  3:51  Overlord x2, Extractor  
  36  3:54  Drone  
  36  4:02  Roach x3  
  42  4:03  Roach  
  44  4:20  Overlord  
  44  4:22  Roach x4  
  52  4:33  Nydus Network  
  42  4:59  Zergling x18  
  51  5:19  Nydus Canal  
  51  5:23  Drone  
  51  5:24  Drone x2  
  49  5:52  Spine Crawler, Spore Crawler  
  37  6:11  Zergling x16  
  32  6:22  Roach  
  32  6:43  Nydus Canal  
  30  6:50  Zergling x12  
  36  7:15  Roach  
  36  7:16  Roach x3  
  42  7:22  Nydus Canal  
  42  7:28  Drone  
  42  7:29  Drone  
  41  7:52  Drone x3  
  41  7:53  Drone  
  45  8:08  Drone x4  
  49  8:13  Queen  
  51  8:27  Roach x2  
  51  8:30  Zergling x4  
  41  9:01  Roach  
  41  9:02  Roach x5  
  50  9:07  Hydralisk Den  
  51  9:20  Drone x2  
Tags
 
Add a new tag
Caveats
  • Supply blocks, unpowered buildings, or Contaminate may cause inaccurate times.
  • Supply counts are checked every 10 seconds.